 Dungeon Crawl Stone Soup version 0.28-a0-1159-g27aa881441 (webtiles) character file.

Game seed: 12595696660869824143

35 coolguy420 the Conjurer (level 3, -2/19 HPs)
             Began as a Deep Elf Conjurer on Dec 15, 2021.
             Was an Initiate of Ru.
             Slain by a ball python (3 damage)
             ... on level 2 of the Dungeon.
             The game lasted 00:01:38 (1590 turns).

coolguy420 the Conjurer (Deep Elf Conjurer)         Turns: 1590, Time: 00:01:38

Health: -2/19      AC:  2    Str:  4    XL:     3   Next: 17%
Magic:  6/9        EV: 12    Int: 24    God:    Ru [......]
Gold:   52         SH:  0    Dex: 13    Spells: 7/8 levels left

rFire   . . .      SeeInvis .   (no weapon)
rCold   . . .      Faith    .   (no shield)
rNeg    . . .      Spirit   .   a - +0 robe
rPois   .          Reflect  .   (no helmet)
rElec   .          Harm     .   (no cloak)
rCorr   .          Rampage  .   (no gloves)
Will    .....                   (no boots)
Stlth   ..........              (no amulet)
HPRegen 0.06/turn               (no ring)
MPRegen 0.11/turn               (no ring)

@: no status effects
A: no stealth
a: Renounce Religion


You were on level 2 of the Dungeon.
You worshipped Ru.
Ru was noncommittal.
You visited 1 branch of the dungeon, and saw 2 of its levels.

You collected 52 gold pieces.

Inventory:

Armour
 a - a +0 robe (worn)
Scrolls
 c - 4 scrolls of identify {unknown}
 f - a scroll of acquirement {unknown}
 g - 2 scrolls of brand weapon {unknown}
Potions
 b - a potion of resistance {unknown}
 d - a potion of haste {unknown}
 e - 5 potions of curing {unknown}
 h - a potion of berserk rage {unknown}


   Skills:
 + Level 2.5 Dodging
 + Level 3.2 Spellcasting
 + Level 5.4 Conjurations


You had 7 spell levels left.
You knew the following spells:

 Your Spells              Type           Power      Damage    Failure   Level
a - Magic Dart            Conj           100%       1d8       1%          1

Your spell library contained the following spells:

 Spells                   Type           Power      Damage    Failure   Level
 Searing Ray              Conj           60%        2d6       1%          2
 Dazzling Flash           Conj/Hex       34%        N/A       11%         3
 Fulminant Prism          Conj/Hex       8%         3d7       34%         4
 Iskenderun's Mystic Bla  Conj/Tloc      17%        2d5       34%         4


Dungeon Overview and Level Annotations

Branches:
Dungeon (2/15)

Altars:
Ru


Innate Abilities, Weirdness & Mutations

You cannot be stealthy.


Message History

You open the door. As you open the door, it creaks loudly!
There is an open door here.
A goblin comes into view. It is wielding a +0 dagger of venom.
The magic dart hits the goblin.
You kill the goblin!
h - a puce potion A frilled lizard comes into view.
The frilled lizard hisses angrily.
The frilled lizard unfolds its giant frill.
The magic dart hits the frilled lizard!
You kill the frilled lizard! 2 orcs and an orc priest come into view.
An orc is wielding a +2 dagger of freezing.
The orc shouts!
The orc priest shouts!
You hear a shout!
You hear an angry hiss.
An orc comes into view. It is wielding a +0 club.
The magic dart hits the orc.
The orc is heavily wounded.
The magic dart hits the orc.
The orc is severely wounded.
The orc priest looks braver for a moment.
A ball python comes into view.
The orc hits you with a +2 dagger of freezing.
The orc freezes you.
The magic dart hits the orc.
You kill the orc!
The magic dart hits the orc priest.
The orc priest is heavily wounded.
The orc priest invokes the aid of Beogh against you.
Pain shoots through your body!
Ouch! That really hurt!
* * * LOW HITPOINT WARNING * * *
The orc barely misses you.
You are too injured to fight recklessly!
Casting: Magic Dart (safe; 1% risk of failure)
Confirm with . or Enter, or press ? or * to list all spells.
You don't know that spell.
The ball python bites you.
You die...

###### #.. ....# ## #.# #.#.#
.. #.####.#.##.# #.##.....o.o#
### #.##.#.#o#).# ..#
#.##.#.#.#..# #.#
#.##.#.#S#oS# #.#
###......@.#..# #.#
#.......####... #.# #.####..#
#... #.# #.####..# ###
#.######.##....# #+##
#.#...##.##.##.# ##...##
#.>...##.##.##.# ##.....##
.##...##.......## ##.......##
..##.######.#...####.........#


You could see 2 orcs and a ball python.

Vanquished Creatures
  An orc (D:2)
  4 bats
  An endoplasm (D:1)
  5 goblins
  2 hobgoblins
  4 jackals (D:1)
  A kobold (D:1)
  4 ball pythons
  4 frilled lizards
  5 rats
31 creatures vanquished.

Notes
Turn   | Place    | Note
-------+----------+-------------------------------------------
     0 | D:1      | coolguy420 the Deep Elf Conjurer began the quest for the
                  | Orb.
     0 | D:1      | Reached XP level 1. HP: 10/10 MP: 6/6
   454 | D:1      | Reached XP level 2. HP: 15/15 MP: 6/8
   644 | D:1      | Found a faded altar of an unknown god.
   650 | D:1      | Prayed at the altar of an unknown god.
   650 | D:1      | Became a worshipper of Ru the Awakened
   653 | D:1      | Gained mutation: You cannot be stealthy. [Ru sacrifice]
   758 | D:1      | Reached skill level 5 in Conjurations
  1417 | D:2      | Reached XP level 3. HP: 19/19 MP: 6/9
  1590 | D:2      | Slain by a ball python

Illustrated notes

Levels and vault maps discovered:
D:1:      wheals_arrival_linesprint, layout_basic, ebering_ecumenical_altar_hall
D:2:      layout_loops_corners, kennysheep_generic_room_9, uniq_sigmund

Skill      XL: |  1  2 |
---------------+-------+-----
Stealth        | 0 |  0.0
Conjurations   | 5 |  5.4
Dodging        | |  2.5
Spellcasting   | |  3.2

Action                   || total
-------------------------++-------
Melee: Unarmed           ||     1
 Cast: Magic Dart        ||    51
Invok: Sacrifice Stealth ||     1
Dodge: Dodged            ||    11

Table legend: (Time is in decaauts)
 A = Elapsed time spent in this place.
 B = Non-inter-level travel time spent in this place.
 C = Inter-level travel time spent in this place.
 D = Time resting spent in this place.
 E = Time spent auto-exploring this place.
 F = Levels seen in this place.
 G = Mean time per level.
                   A        B        C        D        E       F      G
               +--------+--------+--------+--------+--------+-----+--------+
         Total |   1589 |   1571 |     18 |      0 |   1449 |   2 |  794.5 |
       Dungeon |   1589 |   1571 |     18 |      0 |   1449 |   2 |  794.5 |
               +--------+--------+--------+--------+--------+-----+--------+

Top non-repeatable levels by time:
     D:1: 1216 daAuts
     D:2: 373 daAuts
